 BcadrenCrawl: Boulder Brew version 0.06-720-g033fe3496d (webtiles) character file.

Game seed: 16901619577113162607

29682 raph the Brawler (level 13, -11/175 HPs) Troll Priest. Began on June 17, 2020. Was the Champion of Okawaru. Mangled by a nine-headed hydra (14 damage) ... on level 4 of the Lair of Beasts on Feb 11, 2023. The game lasted 00:21:39 (9515 turns).

raph the Brawler (Troll Priest)                     Turns: 9515, Time: 00:21:41

Health: -11/175    AC: 16    Str: 29    XL:     13 ^: 22062
Magic:  0/15       EV: 17    Int:  6    God:    Okawaru [6* [197]]
Gold:   664        SH:  0    Dex: 22    Spells: 12/12 levels left

rFire    + . .     Slash    .   E - +0 dire flail (crush)
rCold    . . .     Pierce   .   (also wielding the above weapon)
rNeg     . . .     Bludgeon .   z - +1 acid dragon scales {Str+3}
rCorr    + . .     Vision   .   o - +3 hat {rF+}
rPois    .         Gourm    +   (no cloak)
rElec    .         Faith    .   (gloves unavailable)
MR       .....     Spirit   +   (boots unavailable)
HPRegen  1.08/turn Reflect  .   e - amulet of guardian spirit
MPRegen  0.25/turn Harm     .   j - ring of strength
Stlth    ++++......             C - ring of dexterity

@: heroism, studying Earth Magic
A: large, unfitting armour, claws 2, fast metabolism 2, gourmand, regeneration
1, AC +4
a: Heroism, Finesse, Renounce Religion


You were on level 4 of the Lair of Beasts.
You worshipped Okawaru.
Okawaru was exalted by your worship.
You were completely stuffed.

You visited 2 branches of the dungeon, and saw 10 of its levels.
You also visited: Temple.

You collected 664 gold pieces.

Inventory:

Weapons
 E - a +0 dire flail of crushing (weapon)
Armour
 a - a +0 robe
 o - a +3 hat of fire resistance (worn)
 z - +1 acid dragon scales of strength (worn)
 H - a +4 robe of softness
Jewellery
 e - an amulet of guardian spirit (around neck)
 h - a cursed ring of magical power {(Curse: *Corrode)}
 j - a ring of strength (left claw)
 m - an uncursed amulet of harm
 p - a cursed ring of wizardry {(Curse: rC-)}
 r - an uncursed amulet of rage
 v - a cursed ring of dexterity {(Curse: MR-)}
 x - an uncursed ring of stealth
 y - a cursed ring of resist corrosion {(Curse: *Slow)}
 A - a cursed amulet of chaos {(Curse: rF-)}
 B - a cursed ring of protection from magic {(Curse: *Drain)}
 C - a ring of dexterity (right claw)
 D - a cursed ring of magical power {(Curse: rC-)}
 L - an uncursed ring of strength
Wands
 w - a wand of iceblast (10)
 F - a wand of enslavement (5)
 I - a wand of polymorph (20)
 J - a wand of ensnaring (8)
 K - a wand of random effects (15)
Scrolls
 l - a scroll of summoning
 u - 6 scrolls of teleportation
 M - a scroll of magic mapping
 O - 2 scrolls of bless item
 P - a scroll of blinking
Potions
 c - 2 potions of cancellation
 d - 3 potions of brilliance
 f - a potion of amnesia
 g - 3 potions of invisibility
 i - 2 potions of ambrosia
 k - 2 potions of heal wounds
 n - a potion of cure mutation
 q - 3 potions of berserk rage
 s - 4 potions of curing
 t - 2 potions of might
 N - a potion of magic
Comestibles
 b - 23 rations
 Q - 8 chunks of flesh


   Skills:
 + Level 3.1(8.1) Fighting
 + Level 1.5(6.5) Whips & Flails
 + Level 3.6(8.6) Armour
 + Level 4.4(9.4) Dodging
 + Level 3.6(8.6) Stealth
 * Level 18.7(23.7) Unarmed Combat
 + Level 4.0 Invocations


You had 12 spell levels left.
You didn't know any spells.
Your spell library contained the following spells:

 Spells                   Type           Power        Failure   Level  Hunger
 Poisonous Vapours Pois/Air 0 (50) 47% 1 40-60 Shock Air 0 (25) 47% 1 40-60 Swiftness Chrm/Air 0 (100) 63% 2 80-120 Conjure Flame Fire 0 (100) 85% 3 120-180 Mephitic Cloud Pois/Air 0 (100) 85% 3 120-180 Static Discharge Air 0 (100) 85% 3 120-180 Airstrike Air 0 (200) 99% 4 200-300 Still Winds Hex/Air 0 (200) 99% 4 200-300 Lightning Bolt Air 0 (200) 100% 5 320-480 Freezing Cloud Ice/Air 0 (200) 100% 6 440-660 Ring of Flames Chrm/Fire      0 (200)      100%        6    440-660


Dungeon Overview and Level Annotations

Branches:
Dungeon (6/8)              Temple (0/1) D:4            Lair (4/6) D:5
  Swamp (0/4) Lair:3       Spider (0/4) Lair:2
    Orc: D:6

Altars:
Dithmenos
Nemelex Xobeh
Ru
Sif Muna
Uskayaw
Wu Jian
Xom

Shops:
D:2 (   D:4 }


Innate Abilities, Weirdness & Mutations

Your tough skin and shaggy fur is resilient. (AC +4)
You are too large for most types of armour.
You have claws for hands. (+6 Unarmed)
You have a very fast metabolism.
You like to eat raw meat.
You heal very quickly.


Message History

* * * LOW HITPOINT WARNING * * *
The nine-headed hydra bites you (9)!
* * * LOW HITPOINT WARNING * * *
The nine-headed hydra bites you (14)!
* * * LOW HITPOINT WARNING * * *
Okay, then.
As you read the scroll of fear, it crumbles to dust.
You assume a fearsome visage.
The rime drake looks frightened!
The nine-headed hydra resists with some effort.
The nine-headed hydra bites you but does no damage.
The nine-headed hydra bites you (2).
* * * LOW HITPOINT WARNING * * *
The nine-headed hydra closely misses you.
The nine-headed hydra bites you but does no damage.
The nine-headed hydra bites you (10)!
* * * LOW HITPOINT WARNING * * *
The nine-headed hydra bites you (12)!
* * * LOW HITPOINT WARNING * * *
The nine-headed hydra bites you (14)!
You die...

##### ###
.##.##################$.####
#.......##.#.#.##...........
.................)..........
........#...................
........P.....>.k...........
...........#.##P............
.#......÷.######D#..........
.#........#.####@#..........
..#...÷#.......#...#..##.##.
......#..≈≈≈≈≈........# ##
.........≈≈#≈≈!....#..###
.........≈#≈#≈.........P##
P........≈≈#≈≈.#..P<.....#
.........≈≈≈≈÷...#.....# #### #.
#......#...[...P...<...###.P#.##.
...........................P.....


You could see a nine-headed hydra and a rime drake (fleeing).

Vanquished Creatures
  2 boulder beetles
  A dire elephant (Lair:3)
  A two-headed ogre (D:6)
  2 hydras (Lair:3)
  A molten gargoyle (Lair:4)
  3 black mambas
  Maggie (D:4)
  20 elephants (Lair:3)
  6 giraffes
  A rime drake (Lair:1)
  A bog body (Lair:3)
  3 komodo dragons
  2 jumping spiders (Lair:2)
  2 polar bears (Lair:2)
  3 wyverns
  11 spiny frogs
  Sigmund (D:2)
  A spriggan (Lair:3)
  A hippogriff (D:5)
  30 yaks
  A hungry ghost (D:5)
  2 basilisks
  2 fire bats (Lair:4)
  2 redbacks (Lair:2)
  A wolf spider zombie (D:4)
  A bone scorpion (D:4)
  10 water moccasins
  2 orc warriors (D:4)
  A scorpion (D:3)
  10 porcupines
  2 ice beasts (D:5)
  2 black bears
  2 sky beasts
  16 wolves
  11 crocodiles
  8 big kobolds
  A meliai zombie (D:4)
  4 blink frogs (Lair:3)
  A howler monkey (D:4)
  6 killer bees (D:5)
  2 electric eels (Lair:4)
  2 lava snakes (Lair:4)
  4 orc priests
  2 hounds (D:5)
  6 jellies
  An iguana (D:5)
  3 orc wizards (D:4)
  9 worker ants
  A wyvern skeleton (D:4)
  A cysgobwca (D:4)
  4 adders
  A gwybwca (D:4)
  36 sewer rats (D:2)
  5 cinder newts
  3 worms (D:2)
  15 bullfrogs
  3 oozes (D:2)
  A dart slug (D:1)
  6 leopard geckos
  12 orcs
  2 adder skeletons
  4 ball pythons
  8 bats
  2 cinder newt skeletons (D:2)
  3 giant cockroaches
  3 hobgoblins (D:1)
  4 jackals (D:5)
  48 kobolds
  6 quokkas
  A ball python skeleton (D:2)
  2 bat skeletons (D:2)
  2 goblins (D:1)
  A quokka skeleton (D:2)
  3 rats (D:1)
384 creatures vanquished.

Vanquished Creatures (collateral kills)
  A bog body (Lair:3)
1 creature vanquished.

Vanquished Creatures (others)
  32 fungi
  9 plants
  4 toadstoolion (D:1)
  41 withered plants (D:2)
86 creatures vanquished.

Grand Total: 471 creatures vanquished

Notes
Turn   | Place    | Note
-------+----------+-------------------------------------------
     0 | Start Te | raph the Troll Priest began the quest for the Orb.
     0 | Start Te | Reached XP level 1. HP: 16/16 MP: 2/2
     0 | Start Te | Found a sparkling altar of Nemelex Xobeh.
     1 | Start Te | Found a basalt altar of Yredelemnul.
     1 | Start Te | Found a white marble altar of Elyvilon.
     2 | Start Te | Found an iron altar of Okawaru.
     3 | Start Te | Found a glowing silver altar of Zin.
     3 | Start Te | Found a blossoming altar of Fedhas.
     4 | Start Te | Found a stormy altar of Qazlal.
     5 | Start Te | Found a glowing golden altar of the Shining One.
     5 | Start Te | Found an opulent altar of Gozag.
     6 | Start Te | Found a sacrificial altar of Ru.
     7 | Start Te | Found a faded altar of an unknown god.
     7 | Start Te | Found a hazy altar of Hepliaklqana.
    10 | Start Te | Became a worshipper of Warmaster Okawaru
    10 | Start Te | Reached * piety under Okawaru
    10 | Start Te | Received a gift from Okawaru
    10 | Start Te | Reached ** piety under Okawaru
   241 | D:1      | Upgraded the game from 0.01-2134-g3a771501fb to
                  | 0.01-2161-g8ec87df2bd
   242 | D:1      | Upgraded the game from 0.01-2161-g8ec87df2bd to
                  | 0.06-287-g431bdf9e28
   245 | D:1      | Reached XP level 2. HP: 24/46 MP: 3/3
   872 | D:2      | Noticed a big kobold
   881 | D:2      | Killed a big kobold
   881 | D:2      | Reached skill level 4 in Unarmed Combat
   881 | D:2      | Reached XP level 3. HP: 52/58 MP: 4/4
   881 | D:2      | Reached XP level 4. HP: 63/70 MP: 5/5
   940 | D:2      | Reached XP level 5. HP: 75/81 MP: 4/6
   947 | D:2      | Reached skill level 5 in Unarmed Combat
  1013 | D:2      | Reached *** piety under Okawaru
  1013 | D:2      | Reached XP level 6. HP: 93/93 MP: 3/7
  1122 | D:2      | Reached skill level 6 in Unarmed Combat
  1315 | D:2      | Received a gift from Okawaru
  1315 | D:2      | Reached XP level 7. HP: 105/105 MP: 8/8
  1317 | D:2      | Reached skill level 7 in Unarmed Combat
  1437 | D:2      | Noticed Sigmund
  1442 | D:2      | Killed Sigmund
  1566 | D:2      | Reached skill level 8 in Unarmed Combat
  1567 | D:2      | Found Keemumm's Weapon Emporium.
  1801 | D:2      | Reached XP level 8. HP: 114/117 MP: 7/9
  1810 | D:2      | Reached **** piety under Okawaru
  1869 | D:2      | Reached skill level 1 in Fighting
  1886 | D:2      | Reached skill level 9 in Unarmed Combat
  2797 | D:3      | Found a shimmering altar of Xom.
  2991 | D:4      | Found a shimmering blue altar of Sif Muna.
  2996 | D:4      | Reached skill level 10 in Unarmed Combat
  3123 | D:4      | Reached ***** piety under Okawaru
  3172 | D:4      | Reached XP level 9. HP: 124/128 MP: 10/10
  3232 | D:4      | Found Sesuexkeimi's Gadget Shop.
  3291 | D:4      | Found a hide-covered altar of Uskayaw.
  3321 | D:4      | Found a sparkling altar of Nemelex Xobeh.
  3321 | D:4      | Noticed Maggie
  3327 | D:4      | Killed Maggie
  3327 | D:4      | Reached skill level 11 in Unarmed Combat
  3378 | D:4      | Received a gift from Okawaru
  3558 | D:4      | Found a staircase to the Ecumenical Temple.
  3687 | D:5      | Entered Level 5 of the Dungeon
  3937 | D:5      | Reached skill level 12 in Unarmed Combat
  4052 | D:5      | Found a staircase to the Lair.
  4118 | D:5      | Reached XP level 10. HP: 127/140 MP: 9/12
  4126 | D:5      | Reached skill level 13 in Unarmed Combat
  4259 | D:5      | Reached ****** piety under Okawaru
  4261 | D:5      | Identified the +6 short sword of a Million Realms {protect,
                  | MR++ Str-4 +Vis}
  4397 | D:5      | Reached skill level 14 in Unarmed Combat
  4538 | D:5      | Found an ornate altar of the Wu Jian Council.
  4574 | D:5      | Reached skill level 1 in Armour
  4745 | D:6      | Noticed a two-headed ogre
  4748 | D:6      | Found a shadowy altar of Dithmenos.
  4748 | D:6      | Noticed an eight-headed hydra
  4751 | D:6      | Killed a two-headed ogre
  4751 | D:6      | Received a gift from Okawaru
  5004 | Lair:1   | Entered Level 1 of the Lair of Beasts
  5292 | Lair:1   | Reached XP level 11. HP: 133/152 MP: 10/13
  5303 | Lair:1   | Reached skill level 15 in Unarmed Combat
  5732 | Lair:2   | Found a hole to the Spider Nest.
  5760 | Lair:2   | Received a gift from Okawaru
  6193 | Lair:2   | Reached skill level 16 in Unarmed Combat
  6832 | Lair:3   | Found a sacrificial altar of Ru.
  6833 | Lair:3   | Found a staircase to the Swamp.
  7067 | Lair:3   | Received a gift from Okawaru
  7096 | Lair:3   | Reached XP level 12. HP: 163/163 MP: 14/14
  7381 | Lair:3   | Reached skill level 17 in Unarmed Combat
  7412 | Lair:3   | Reached skill level 1 in Whips & Flails
  7415 | Lair:3   | Noticed a boulder beetle
  7429 | Lair:3   | Killed a boulder beetle
  7429 | Lair:3   | Received a gift from Okawaru
  7552 | Lair:3   | Identified the +6 leiomano of the Absolute Madman {freeze,
                  | +Inv rPois Dex+4}
  7734 | Lair:3   | Received a gift from Okawaru
  7963 | Lair:3   | Reached skill level 18 in Unarmed Combat
  9009 | Lair:4   | Reached XP level 13. HP: 167/175 MP: 13/15
  9010 | Lair:4   | Upgraded the game from 0.06-287-g431bdf9e28 to
                  | 0.06-688-g08e91b2d95
  9010 | Lair:4   | Upgraded the game from 0.06-688-g08e91b2d95 to
                  | 0.06-720-g033fe3496d
  9069 | Lair:4   | Identified the +2 robe "Poes" {MR+ Dex+4} (Okawaru gifted
                  | it to you on level 4 of the Lair of Beasts)
  9069 | Lair:4   | Received a gift from Okawaru
  9515 | Lair:4   | HP: 3/175 [nine-headed hydra (11)]
  9515 | Lair:4   | Mangled by a nine-headed hydra

Illustrated notes

Levels and vault maps discovered:
D:1:      ldierk_walled_garden_2, layout_rooms
D:2:      layout_sewer, serial_shops, shop, uniq_sigmund
D:3:      layout_basic, first_ration, basic_altar
D:4:      kennysheep_orc_sif_temple, layout_gridville,
          nemelex_xobeh_ov_fountains_minmay, lemuel_doored_altar,
          minmay_temple_entry_nine_rooms, serial_shops, shop, uniq_maggie
D:5:      layout_stronghold, nicolae_overflow_crystal_walls, david_lair_generic,
          serial_glass, glass_columns_a, glass_columns_b
D:6:      layout_basic, nicolae_dithmenos_the_darkroom, hiddenorc1_lemuel
Lair:1:   layout_cave_pods
Lair:2:   layout_loops_ring, spider_nest_entry_a, beast_lair_carwin_1
Lair:3:   mu_elephants_graveyard, layout_concentric_octagons,
          skrybe_swamp_entry_bodies, basic_altar
Lair:4:   layout_gridlike, lemuel_old_faithful

Skill      XL: |  1  2  3  4  5  6  7  8  9 10 11 12 |
---------------+-------------------------------------+-----
Unarmed Combat | 4 5 6 8 10 12 14 16 18 | 18.7
Dodging        | 2 3 4 |  4.4
Fighting       | 1 3 |  3.1
Stealth        | 2 3 |  3.6
Invocations    | 4 |  4.0
Armour         | 1 2 3 |  3.6
Whips & Flails | 1 |  1.5

Action                   |  1- 3 |  4- 6 |  7- 9 | 10-12 | 13-15 || total
-------------------------+-------+-------+-------+-------+-------++-------
Melee: Unarmed           |    47 |   122 |   350 |   708 |    90 ||  1317
       Dire flail        |       |       |       |    11 |     3 ||    14
Invok: Heroism           |       |     3 |     5 |     4 |     2 ||    14
       Finesse           |       |       |       |     1 |       ||     1
  Use: Scroll            |       |       |     2 |     2 |     1 ||     5
       Potion            |       |       |       |     1 |       ||     1
 Stab: Sleeping          |     4 |     1 |     7 |    11 |     1 ||    24
       Distracted        |       |       |     1 |     1 |       ||     2
  Eat: Chunk             |     4 |     3 |    35 |    42 |     7 ||    91
       Ration            |       |     1 |     1 |       |       ||     2
Armor: Robe              |    12 |    32 |    33 |       |       ||    77
       Acid dragon scale |       |       |    18 |   151 |    49 ||   218
       MtDmg: ???        |     4 |       |       |       |       ||     4
Dodge: Dodged            |     6 |    35 |    49 |   110 |    16 ||   216
